 Dungeon Crawl Stone Soup version 0.28-a0-1382-g92835e5c71 (console) character file.

Game seed: 16968279085200138516

42 jejorda2 the Chopper (level 3, -13/46 HPs)
             Began as a Palentonga Berserker on Jan 1, 2022.
             Was a Believer of Trog.
             Mangled by an ogre (26 damage)
             ... on level 2 of the Dungeon.
             The game lasted 00:03:43 (1351 turns).

jejorda2 the Chopper (Palentonga Berserker)         Turns: 1351, Time: 00:03:44

Health: -13/46     AC:  4    Str: 22    XL:     3   Next: 33%
Magic:  3/3        EV:  9    Int:  7    God:    Trog [**....]
Gold:   92         SH:  0    Dex:  9    Spells: 2/2 levels left

rFire   . . .      SeeInvis +   a - +0 hand axe
rCold   . . .      Faith    .   (no shield)
rNeg    . . .      Spirit   .   b - +0 animal skin
rPois   .          Reflect  .   (no helmet)
rElec   .          Harm     .   (no cloak)
rCorr   .          Rampage  .   (no gloves)
Will    .....                   (no barding)
Stlth   ..........              (no amulet)
HPRegen 0.15/turn               (no ring)
MPRegen 0.08/turn               (no ring)

@: berserking, very quick
A: large, rugged brown scales 3, see invisible, deformed body, roll 1, armoured
tail
a: Rolling Charge, Renounce Religion, Berserk, Trog's Hand


You were on level 2 of the Dungeon.
You worshipped Trog.
Trog was pleased with you.
You visited 1 branch of the dungeon, and saw 2 of its levels.

You collected 92 gold pieces.

Inventory:

Hand Weapons
 a - a +0 hand axe (weapon)
Missiles
 f - 31 stones
Armour
 b - a +0 animal skin (worn)
Scrolls
 c - 2 scrolls of teleportation {unknown}
 e - a scroll of fog {unknown}
Potions
 d - a potion of lignification {unknown}
 g - a potion of mutation {unknown}
 h - a potion of attraction {unknown}
 i - a potion of might {unknown}
 j - 2 potions of curing {unknown}
 k - a potion of haste {unknown}


   Skills:
 + Level 3.3 Fighting
 * Level 3.8 Axes
 + Level 2.0 Armour
 - Level 1.5 Dodging


You had 2 spell levels left.
You didn't know any spells.
Your spell library was empty.

Dungeon Overview and Level Annotations

Branches:
Dungeon (2/15)

Altars:


Innate Abilities, Weirdness & Mutations

You are completely covered in rugged brown scales. (AC +3, +7% HP)
You have supernaturally acute eyesight. (SInv)
Armour fits poorly on your strangely shaped body.
You can roll at nearby foes to attack.
You have a long armoured tail.


Message History

There is an open door here.
You roll forward with a clatter of scales!
You barely miss the ball python.
Your tail-slap misses the ball python.
The ball python barely misses you.
The ball python bites you but does no damage.
You hit the ball python.
You kill the ball python!
Trog accepts your kill.
No target in view!
No target in view!
There is an open door here.
You open the door.
There is an open door here.
You open the door.
An endoplasm, a giant cockroach and an ogre come into view.
The endoplasm quivers.
The ogre shouts!
There is an open door here.
You roll forward with a clatter of scales!
Found 22 stones.
You slash the ogre!
Your tail-slap misses the ogre.
The ogre is heavily wounded.
The ogre hits you with a +0 giant club!
A red film seems to cover your vision as you go berserk!
You feel yourself moving faster!
You feel mighty! The giant cockroach closely misses you.
The ogre hits you with a +0 giant club!!
Unknown command.
You slash the ogre!
The ogre is severely wounded.
You closely miss the giant cockroach. You slash the endoplasm!
You kill the endoplasm!
Trog accepts your kill. The giant cockroach bites you.
* * * LOW HITPOINT WARNING * * *
You hit the ogre but do no damage.
The ogre is severely wounded.
You closely miss the giant cockroach.
The ogre hits you with a +0 giant club!!
Ouch! That really hurt!
You die...

#.......# ###
#.......#.......#
#.......#..###.##
#(......##.# #.#
#.......##.# #.#
#.......##.# #.#
#.......##.###+#######
#...OB..##.#..........
#@..##....>†......
#.°.###...........
###...###...........
#.+...°....#..<.....
#.#...####.#).#.....
#.#...# #.#..#..)..
#.##'#####....#.....
#.##..#.............
#.##..#.###.>#.#....


You could see an ogre and a giant cockroach.

Vanquished Creatures
  2 worms (D:2)
  A dart slug (D:2)
  7 endoplasms
  A giant cockroach (D:2)
  4 goblins
  3 hobgoblins
  2 ball pythons
  6 bats
  3 frilled lizards (D:2)
  2 kobolds (D:1)
  A rat (D:1)
32 creatures vanquished.

Notes
Turn   | Place    | Note
-------+----------+-------------------------------------------
     0 | D:1      | jejorda2 the Palentonga Berserker began the quest for the
                  | Orb.
     0 | D:1      | Reached XP level 1. HP: 19/19 MP: 1/1
   248 | D:1      | Reached XP level 2. HP: 25/25 MP: 2/2
  1031 | D:2      | Reached XP level 3. HP: 31/31 MP: 3/3
  1224 | D:2      | Reached ** piety under Trog
  1347 | D:2      | Noticed an ogre
  1351 | D:2      | Mangled by an ogre

Illustrated notes

Levels and vault maps discovered:
D:1:      dpeg_arrival_round_a, layout_basic, hex_large, serial_bayou_pond_e
D:2:      layout_basic, nrook_mini_backslash

Skill      XL: |  1  2 |
---------------+-------+-----
Armour         | 2 |  2.0
Fighting       | |  3.3
Axes           | |  3.8
Dodging        | |  1.5

Action                   || total
-------------------------++-------
Melee: Hand axe          ||    66
       Tailslap          ||     4
Throw: Stone             ||     2
Invok: Berserk           ||     3
 Abil: Rolling Charge    ||    28
Armor: Animal skin       ||    27
Dodge: Dodged            ||    17

Table legend: (Time is in decaauts)
 A = Elapsed time spent in this place.
 B = Non-inter-level travel time spent in this place.
 C = Inter-level travel time spent in this place.
 D = Time resting spent in this place.
 E = Time spent auto-exploring this place.
 F = Levels seen in this place.
 G = Mean time per level.
                   A        B        C        D        E       F      G
               +--------+--------+--------+--------+--------+-----+--------+
         Total |   1383 |   1376 |      7 |    117 |   1083 |   2 |  691.5 |
       Dungeon |   1383 |   1376 |      7 |    117 |   1083 |   2 |  691.5 |
               +--------+--------+--------+--------+--------+-----+--------+

Top non-repeatable levels by time:
     D:1: 736 daAuts
     D:2: 646 daAuts
